[Event "*** Titled Tuesday Blitz"]
[Site "Chess.com"]
[Date "2020.02.04"]
[Round "5"]
[White "Andrei_Belozerov"]
[Black "ShimanovAlex"]
[Result "1-0"]
[WhiteElo "2610"]
[BlackElo "2751"]
[TimeControl "180+2"]
[EndTime "10:09:23 PST"]
[Termination "Andrei_Belozerov won on time"]

1. e4 g6 2. d4 Bg7 3. Nf3 d6 4.
Bc4 e6 5. Bb3 Ne7 6. O-O b6 7.
Re1 Bb7 8. Nbd2 Nd7 9. c3 O-O 10. Nf1 c5 11. Ng3 Rc8 12. Be3 b5 13. Qd2 Qc7 14.
Rad1 c4 15. Bc2 Nf6 16. Bh6 Kh8 17. Qg5 Bxh6 18. Qxh6 a6 19. Ng5 Neg8 20. Qh4 e5 21. f4 Rce8 22. fxe5 dxe5 23. d5 Kg7 24. Rf1 h6 25.
Nf3 Bc8 26. Kh1 Ng4 27. Rde1 Qb6 28. h3 Ne3 29. Rf2 Nxc2 30. Rxc2 Qf6 31. Kg1 Qxh4 32.
Nxh4 Bd7 33. Rf2 Nf6 34. Ref1 Nh7 35. Nf3 f6 36. Ne2 Ng5 37. Nxg5 hxg5 38. g4 Rf7 39. Kg2 Ref8 40. Kg3 Rh8 41. Ng1 Be8 42. Nf3 Rff8 43. Rd1 Bd7 44. Rdf1 Rb8 45. Nxe5 fxe5 46. Rf7+ Kh6 47.
Rxd7 b4 48. cxb4 Rxb4 49. Rf2 c3 50. bxc3 Rxe4 51. Re7 Rc8 52. Rf3 Re2 53. d6 Rh8 54. d7 Rd2 55. c4 Rh7 56. Rff7 Rxf7 57. Rxf7 e4 58. c5 e3 59. c6 Rd1 60. Re7 Rd3 61. Kf3 Rd4 62. Kxe3 1-0

[Event "*** Titled Tuesday Blitz"]
[Site "Chess.com"]
[Date "2020.02.04"]
[Round "5"]
[White "earling8018"]
[Black "BvsN"]
[Result "1/2-1/2"]
[WhiteElo "2058"]
[BlackElo "2336"]
[TimeControl "180+2"]
[EndTime "10:09:44 PST"]
[Termination "Game drawn - insufficient material"]

1. c4 e5 2. Nc3 Bb4 3. d3 Bxc3+ 4. bxc3 Nc6 5. e4 d6 6. f4 f5 7. exf5 Bxf5 8. Nf3 Nge7 9. Be2 O-O 10. O-O Ng6 11. fxe5 Ngxe5 12. d4 Nxf3+ 13. Bxf3 Qd7 14. Be3 Rae8 15. Bf2 Be4 16. Bxe4 Rxe4 17. Qd3 Qg4 18.
Rae1 Rfe8 19. Rxe4 Rxe4 20. Bg3 Qe2 21. Qf3 Qxf3 22. Rxf3 Re2 23. Rf2 Re1+ 24. Rf1 Rxf1+ 25. Kxf1 Na5 26. c5 Nc4 27. cxd6 cxd6 28. d5 Kf7 29. Ke2 Ke7 30. Kd3 b5 31. Kd4 Kf6 32. Bf4 Kf5 33. Bc1 g5 34. h3 h5 35. g3 Nb6 36.
h4 g4 37. Bg5 Nc4 38. Be7 a6 39.
a4 Kg6 40. axb5 axb5 41. Bf8 Kf7 42. Bh6 Ke7 43. Bg5+ Kf7 44. Bf4 Kf6 45. Ke4 Ke7 46. Kf5 Nb6 47. Kg6 Nxd5 48. Bg5+ Ke6 49. Kxh5 Nxc3 50.
Kxg4 b4 51. h5 b3 52. Bc1 Nd1 53. Kg5 Kf7 54. Kf5 b2 55. Bxb2 Nxb2 56. g4 Nc4 57.
g5 d5 58. g6+ Kg8 59. h6 Nd6+ 60.
Ke5 Ne4 61. Kxd5 Nf6+ 62. Ke6 Ng4 63. h7+ Kg7 64. h8=Q+ Kxh8 65. Kf7 Ne5+ 66. Kf6 Nxg6 1/2-1/2

[Event "*** Titled Tuesday Blitz"]
[Site "Chess.com"]
[Date "2020.02.04"]
[Round "5"]
[White "heyiampotato"]
[Black "EugeneRougon"]
[Result "1/2-1/2"]
[WhiteElo "2476"]
[BlackElo "2724"]
[TimeControl "180+2"]
[EndTime "10:09:49 PST"]
[Termination "Game drawn by stalemate"]

1. d4 d5 2. c4 c6 3. Nf3 Nf6 4. Nbd2 e6 5. e3 c5 6. b3 cxd4 7.
exd4 Nc6 8. Bb2 Be7 9. a3 a5 10. Bd3 O-O 11. O-O b6 12. Rc1 Bb7 13. Qe2 Rc8 14.
Rfe1 Bd6 15. Nf1 dxc4 16. bxc4 Ne7 17. Ng3 Ng6 18. Bxg6 hxg6 19. Ne5 Qc7 20. h4 Bxe5 21. Qxe5 Qxe5 22. Rxe5 Ba6 23. c5 Nd7 24. Re3 bxc5 25. dxc5 Rxc5 26. Rxc5 Nxc5 27. Bc3 a4 28. Bb4 Rc8 29.
Rc3 Nd3 30. Rxc8+ Bxc8 31. Bd6 f6 32. Ne4 Nb2 33. Bb4 Nd3 34. Bd6 Nb2 35. Bb4 e5 36. Nc3 Be6 37. f3 Bb3 38. Bd6 Kf7 39. Kf1 Nc4 40. Bb4 Ne3+ 41. Kf2 Nc2 42. Bc5 Nd4 43. Ne2 Ne6 44. Bb4 Ke8 45. Ke3 Kd7 46. g3 Kc6 47.
Nc3 g5 48. hxg5 Nxg5 49. f4 exf4+ 50. gxf4 Ne6 51. f5 Nc5 52. Kd4 Nd7 53. Ne2 Bc2 54. Ng3 Bb1 55. Be7 Kc7 56. Bb4 Kc6 57. Be7 Ne5 58. Bf8 Nf3+ 59. Ke3 Nh4 60. Kf4 g5+ 61. Kg4 Bc2 62. Be7 Bd1+ 63. Kh3 Bc2 64. Bxf6 Bxf5+ 65. Nxf5 Nxf5 66. Bxg5 Kd5 67. Kg4 Nd4 68. Be7 Kc4 69. Kf4 Nc2 70. Ke4 Kb3 71. Kd3 Nxa3 72. Bxa3 Kxa3 73.
Kc3 Ka2 74. Kc2 a3 75. Kc1 Ka1 76. Kc2 a2 77. Kc1 1/2-1/2

[Event "*** Titled Tuesday Blitz"]
[Site "Chess.com"]
[Date "2020.02.04"]
[Round "5"]
[White "AtabayevSaparmyrat"]
[Black "wonderfultime"]
[Result "1-0"]
[WhiteElo "2810"]
[BlackElo "2963"]
[TimeControl "180+2"]
[EndTime "10:09:51 PST"]
[Termination "AtabayevSaparmyrat won by resignation"]

1. e4 c5 2. Nf3 Nf6 3. Nc3 d6 4. d4 cxd4 5. Nxd4 g6 6. Be3 Bg7 7. f3 O-O 8. Bc4 Nc6 9. Qd2 Bd7 10. Bb3 Na5 11. O-O-O Rb8 12. Bh6 b5 13. h4 Nc4 14.
Bxc4 bxc4 15. Bxg7 Kxg7 16. h5 Qb6 17. b3 cxb3 18. axb3 Qa5 19. Kb2 g5 20. Nf5+ Bxf5 21. Qxg5+ Kh8 22. Qxf5 Qb4 23. Nd5 Nxd5 24. Qxd5 f6 25.
Qd4 Qb7 26. Ra1 a6 27. Ra4 Rfc8 28. Rha1 Rc6 29. Rc4 Rb6 30. Qc3 Qd7 31. Rc7 Qe6 32. h6 Kg8 33. g4 Kf7 34. g5 Qe5 35. gxf6 Qxc3+ 36. Kxc3 Kxf6 37. Rg1 Rf8 38. f4 Rf7 39. Kd4 e5+ 40. fxe5+ dxe5+ 41. Kc5 Rxc7+ 42. Kxb6 Rxc2 43. Kxa6 Rb2 44. Rg3 Re2 45. b4 Rxe4 46. Rb3 Ke6 47. b5 Ra4+ 48. Kb7 Kd6 49. b6 e4 50. Rg3 Ra1 51. Kb8 Rb1 52. b7 Kc6 53. Rg7 e3 54. Rc7+ Kd6 55. Rc2 Kd5 56. Kc8 Ke4 57. b8=Q Rxb8+ 58. Kxb8 Kd3 59. Rc1 e2 60. Kc7 Kd2 61.
Ra1 1-0

[Event "*** Titled Tuesday Blitz"]
[Site "Chess.com"]
[Date "2020.02.04"]
[Round "5"]
[White "VALPARAISO37"]
[Black "Reality-Stone"]
[Result "0-1"]
[WhiteElo "2225"]
[BlackElo "2477"]
[TimeControl "180+2"]
[EndTime "10:10:02 PST"]
[Termination "Reality-Stone won on time"]

1. d4 Nf6 2. c4 e6 3. Nc3 Bb4 4. a3 Bxc3+ 5. bxc3 d5 6. e3 O-O 7. Bd3 b6 8. Ne2 Ba6 9. cxd5 exd5 10. Bxa6 Nxa6 11.
Qd3 Qc8 12. f3 c5 13. O-O Nc7 14. e4 dxe4 15. fxe4 cxd4 16. cxd4 Ne6 17. Rxf6 gxf6 18. Ng3 Rd8 19. Nf5 Qc7 20. d5 Rac8 21. Bb2 Qc2 22. Qg3+ Kf8 23. Bxf6 Qxe4 24. Bg7+ Ke8 25. dxe6 Qxf5 26.
exf7+ Qxf7 27. Re1+ Kd7 28. Qg4+ Kc6 29. Re6+ Kb7 30. Qe4+ Kb8 31. Be5+ Rc7 32. Rd6 Rdc8 33. Rc6 Qd7 34. h3 h5 35. a4 h4 36. Bd6 a6 37.
Rxb6+ Ka7 38. Qd4 Rc4 39. Qf2 Rc2 40. Qd4 R2c4 41. Qd5 R4c6 42. Rxc6 Qxc6 43. Qd4+ Qb6 44.
Qxb6+ Kxb6 45. Be7 Ka5 46. Bxh4 Kxa4 47. Bf6 Kb5 48.
g4 a5 49. Kg2 Kc5 50. h4 Kd5 51. Kg3 Ke6 52. Bb2 Rc2 53. Bh8 a4 54. h5 a3 55. Kh4 a2 56. h6 Kf7 57. Kg5 Rc5+ 58.
Kh4 Kg6 59. Bg7 Rc1 60. Bb2 a1=Q 61. h7 Rh1+ 62. Kg3 Qg1+ 63. Kf4 Qf2+ 64. Ke4 Re1+ 65. Kd5 Qd2+ 66. Kc6 Qc2+ 67. Bc3 Qxc3+ 68. Kd5 Qd3+ 0-1

[Event "*** Titled Tuesday Blitz"]
[Site "Chess.com"]
[Date "2020.02.04"]
[Round "5"]
[White "TheBigBoss04"]
[Black "GadimbayliA"]
[Result "1/2-1/2"]
[WhiteElo "2701"]
[BlackElo "2929"]
[TimeControl "180+2"]
[EndTime "10:10:08 PST"]
[Termination "Game drawn by stalemate"]

1. d4 Nf6 2. c4 b6 3. Nc3 Bb7 4. f3 e6 5. e4 d5 6. e5 Nh5 7.
Be3 g6 8. cxd5 exd5 9. Bb5+ c6 10. Be2 Be7 11. f4 Ng7 12. Nf3 Nd7 13. O-O h5 14. Rc1 O-O 15. Kh1 c5 16. dxc5 Nxc5 17. Nd4 Nce6 18.
Bf3 Nxd4 19. Bxd4 Nf5 20. Bg1 Bc5 21. Nxd5 Bxd5 22. Qxd5 Bxg1 23. Kxg1 Qe7 24. Qd2 Rad8 25. Qf2 Qb4 26. g3 Rd2 27. Qe1 Qd4+ 28. Kh1 Qxb2 29.
Rb1 Qxa2 30. Ra1 Rxh2+ 31. Kg1 Qd2 32. Qxd2 Rxd2 33. Rxa7 Nxg3 34. Re1 Rc8 35. Rb7 Rb2 36. Bd5 Rcc2 37. Bxf7+ Kf8 38. Bd5 Ne2+ 39. Kf2 Nxf4+ 40. Kf3 Nxd5 41. Rd1 Ne7 42. Rd8+ Kf7 43. Rdd7 Rf2+ 44. Kg3 Rg2+ 45. Kh3 Rh2+ 46. Kg3 Rbg2+ 47. Kf3 Rf2+ 48. Ke3 Re2+ 49. Kf4 Rhf2+ 50. Kg3 h4+ 51. Kxh4 Ke6 52. Rxe7+ Kf5 53. Rf7+ Kxe5 54. Rxf2 Rxf2 55. Rxb6 Kf5 56. Rb5+ Kf6 57. Rb6+ Kg7 58. Kg3 Rf5 59. Rb7+ Kh6 60. Rb8 Ra5 61. Rb3 Kg5 62. Kg2 Ra4 63. Rb5+ Kg4 64.
Rb6 Ra2+ 65. Kg1 g5 66. Rb3 Kh4 67. Rc3 Rd2 68. Rb3 g4 69. Ra3 Kg5 70. Ra5+ Kh4 71. Ra3 Re2 72. Rb3 Kg5 73. Rb5+ Kf4 74. Rb4+ Kf3 75. Rb3+ Kf4 76. Rb4+ Kg3 77. Rb3+ Kh4 78. Ra3 g3 79. Ra8 Re4 80. Rh8+ Kg4 81. Rg8+ Kf3 82.
Rf8+ Rf4 83. Rxf4+ Kxf4 84. Kg2 Kg4 85. Kg1 Kh3 86. Kh1 Kg4 87. Kg2 Kf4 88. Kg1 Kf3 89. Kf1 g2+ 90. Kg1 Kg3 1/2-1/2

[Event "*** Titled Tuesday Blitz"]
[Site "Chess.com"]
[Date "2020.02.04"]
[Round "5"]
[White "doons21"]
[Black "kesarev"]
[Result "1/2-1/2"]
[WhiteElo "2644"]
[BlackElo "2458"]
[TimeControl "180+2"]
[EndTime "10:10:50 PST"]
[Termination "Game drawn - insufficient material"]

1. e4 Nc6 2. d3 e5 3. Nd2 a5 4. Ngf3 Bc5 5. g3 d6 6. Bg2 f5 7. Nh4 Qf6 8. Nxf5 Bxf5 9. exf5 Qxf5 10. O-O Nge7 11. Ne4 Bb6 12. Be3 O-O-O 13. Bxb6 cxb6 14. h4 h6 15. Kh2 Kc7 16. a3 d5 17. Nc3 g5 18. Nb5+ Kb8 19. Qf3 gxh4 20. gxh4 Qxf3 21. Bxf3 Rdf8 22. Bg2 Rf4 23. Kh3 Nf5 24. Bxd5 Nce7 25. Be6 Rxh4+ 26. Kg2 Rf8 27. Rh1 Rg4+ 28. Kf3 Rg6 29.
Bxf5 Rxf5+ 30. Ke2 Rg2 31. Raf1 h5 32. c4 Ng6 33.
Rhg1 Nf4+ 34. Ke3 h4 35. Ke4 Rfg5 36. Rh1 h3 37. Nd6 h2 38. Nf7 R5g4 39. Nxe5 Rh4 40. Nf3 Rhg4 41. Nxh2 Rh4 42. Nf3 Rxh1 43. Rxh1 Ne6 44. Rh8+ Ka7 45. Ke3 Nc5 46. d4 Na4 47.
b4 Nb2 48. c5 Nc4+ 49. Ke2 Nxa3 50. b5 Nxb5 51. Rh7 bxc5 52. dxc5 Ka6 53. Rh6+ Ka7 54. Rh7 Kb8 55. Ne5 a4 56. Nd7+ Ka7 57. Nb6 a3 58. Rh8 Nc7 59. Rh4 Ka6 60. Ra4+ Kb5 61. Rxa3 Kxc5 62. Nd7+ Kd6 63. Nf6 b5 64. Ne4+ Kd5 65.
Kf3 Rg8 66. Rd3+ Kc6 67. Rc3+ Kb6 68. Rd3 Rf8+ 69. Ke3 b4 70. f4 Kb5 71. Rd7 Ne6 72. Rb7+ Kc4 73. f5 Nd8 74. Rb8 b3 75. Nd2+ Kd5 76.
Nxb3 Re8+ 77. Kf4 Re4+ 78. Kg5 Nf7+ 79. Kf6 Nd6 80. Ra8 Rb4 81. Ra5+ Kc6 82. Nc5 Rf4 83.
Ne6 Rxf5+ 84. Rxf5 Nxf5 1/2-1/2

[Event "*** Titled Tuesday Blitz"]
[Site "Chess.com"]
[Date "2020.02.04"]
[Round "5"]
[White "malandragem"]
[Black "Mr_Sinigami"]
[Result "1/2-1/2"]
[WhiteElo "2293"]
[BlackElo "2717"]
[TimeControl "180+2"]
[EndTime "10:11:05 PST"]
[Termination "Game drawn by 50-move rule"]

1. e4 d5 2. exd5 Qxd5 3. d4 Nc6 4. Nf3 Bg4 5. Be2 O-O-O 6. Nc3 Qa5 7. Be3 e5 8. Nxe5 Bxe2 9. Qxe2 Nxe5 10. dxe5 Qxe5 11. O-O Nf6 12. Qf3 Bb4 13. Bxa7 Bxc3 14. bxc3 Qe4 15.
Qxe4 Nxe4 16. Bd4 f6 17. a4 Rhe8 18. a5 Re6 19. f3 Nd2 20. Rfd1 Nc4 21. Kf2 Ra6 22.
Re1 Kd7 23. Re4 Re8 24. Rh4 Rxa5 25. Rxa5 Nxa5 26. Rxh7 Re7 27. h4 Nc6 28. h5 b5 29.
h6 gxh6 30. Rxh6 Nxd4 31. cxd4 Re6 32. d5 Rd6 33. Rh7+ Kc8 34. Rh5 c6 35. dxc6 Rxc6 36. Rxb5 Rxc2+ 37. Kg3 Kd7 38. f4 Ke7 39. f5 Rc4 40.
Rb7+ Kd6 41. Kf3 Ra4 42. g4 Ra6 43. Kf4 Kd5 44. Rd7+ Kc6 45. Re7 Kd5 46. Rd7+ Kc6 47. Rf7 Kd5 48. g5 Ra4+ 49. Kg3 fxg5 50. Re7 Rf4 51.
f6 Kd6 52. Re1 Rxf6 53. Kg4 Rf4+ 54. Kxg5 Rd4 55. Rf1 Rd5+ 56. Kg6 Rd2 57. Kg5 Kd5 58. Kg6 Kc4 59. Kg5 Rd5+ 60. Kg6 Rd6+ 61. Kg5 Rd8 62. Rf7 Rg8+ 63. Kf5 Rc8 64. Rd7 Kb5 65. Ke4 Kc6 66. Rd1 Re8+ 67. Kf5 Rf8+ 68. Ke6 Re8+ 69. Kf7 Re4 70. Kf6 Rc4 71. Ke6 Rc2 72. Ke5 Re2+ 73. Kf6 Re8 74. Kf7 Re3 75. Kf6 Kc5 76. Kf5 Kc4 77.
Kf6 Kc3 78. Kf5 Kc2 79. Rd7 Re1 80. Kf6 Rf1+ 81. Ke6 Re1+ 82. Kf6 Rf1+ 83. Ke6 Kb3 84. Rc7 Kb4 85. Rc8 Kb5 86. Rc2 Re1+ 87. Kd5 Rd1+ 88. Ke5 Rd8 89. Ke6 Kb6 90. Ke5 Re8+ 91.
Kd6 Rd8+ 92. Ke5 Kb7 93. Ke6 Re8+ 94. Kd7 Re3 95. Rb2+ Ka6 96. Kc6 Rc3+ 97. Kd6 Ka5 98. Kd5 Ka4 99. Kd4 Rc8 100. Rb1 Ka3 101. Kd3 Ka2 102. Rb7 Rd8+ 103. Kc2 Ra8 104. Kc3 1/2-1/2

[Event "*** Titled Tuesday Blitz"]
[Site "Chess.com"]
[Date "2020.02.04"]
[Round "5"]
[White "korbul"]
[Black "sganerdene"]
[Result "1-0"]
[WhiteElo "2592"]
[BlackElo "2732"]
[TimeControl "180+2"]
[EndTime "10:11:50 PST"]
[Termination "korbul won by resignation"]

1. d4 Nf6 2. Nf3 g6 3. Bg5 Bg7 4. Nbd2 d5 5. e3 O-O 6. Be2 b6 7. O-O Bb7 8. c3 Nbd7 9. h3 c5 10. b4 Qc7 11. bxc5 bxc5 12. Qa4 Bc6 13. Qa3 Ne4 14. Nxe4 dxe4 15. Nd2 Rfe8 16. Nb3 Bd5 17. Rac1 Rac8 18. Ba6 Bb7 19. Bxb7 Qxb7 20. dxc5 Qc7 21. Rfd1 Nxc5 22. Nxc5 Qxc5 23. Qxc5 Rxc5 24. Bh4 g5 25. Bg3 Rxc3 26. Rxc3 Bxc3 27. Rd7 a5 28. Rc7 Bb4 29. Be5 f6 30. Bd4 Kf7 31. g4 Ke6 32. Kg2 Kd5 33. Rd7+ Kc6 34. Ra7 Rb8 35. a3 Bxa3 36. Rxa5 Bd6 37.
Ra6+ Kd5 38. Ra5+ Ke6 39. Ra6 Rc8 40. Ra5 Rc2 41. Ra6 Kf7 42. Ra5 Kg6 43. Ra6 Bg3 44. Kxg3 Rc7 45. Re6 Kf7 46. Rxe4 Rc4 47. Kf3 Rc2 48. Bb6 Rd2 49. Rd4 Rb2 50. Bc5 Rc2 51.
Bb4 Rc7 52. Rd5 Rb7 53. Bc3 Kg6 54. Bd4 h5 55. Ra5 hxg4+ 56. hxg4 e5 57. Bc5 Rb2 58.
Ra7 Rb8 59. Bd6 Re8 60. Be7 Kf7 61. Bc5+ Ke6 62. Ra6+ Kf7 63. Ke4 Kg6 64. Ra7 Rc8 65. Ra5 Rb8 66. Ra2 Rc8 67. Bd6 Rh8 68. Kd5 Rh4 69.
f3 Rh3 70. Rf2 Kf7 71. Ke4 Ke6 72. Bc5 Rh4 73. Kd3 f5 74. gxf5+ Kxf5 75. e4+ Kf6 76. Be3 Rh3 77. Ke2 Rg3 78. Rh2 g4 79. Rf2 Ke6 80. f4 exf4 81. Bxf4 Ra3 82. Rh2 Ra2+ 83. Ke3 Ra3+ 84. Kd4 Ra4+ 85. Kd3 Ra3+ 86. Ke2 Ra2+ 87. Kf1 Ra4 88. Re2 Ra3 89. Kg2 Rf3 90. Bg3 Ra3 91. e5 Rb3 92. Rf2 Rb4 93. Rf6+ Ke7 94. Rf4 Rb2+ 95.
Bf2 Ke6 96. Re4 Rb5 97. Bd4 Rb4 98. Rxg4 Kf5 99. Rh4 Rb3 100. Rh5+ Ke4 101. Bf2 Kd5 102. Bg3 Re3 103. Kh3 Re4 104. Kg2 Re3 105. Kf2 Rb3 106. Rh6 Ke4 107. e6 Rb2+ 108. Kg1 Kf3 109. Bh4 Re2 110. e7 Re4 111. Rh8 Rg4+ 1-0

[Event "*** Titled Tuesday Blitz"]
[Site "Chess.com"]
[Date "2020.02.04"]
[Round "5"]
[White "rpragchess"]
[Black "KRASAVCHIK2002"]
[Result "1/2-1/2"]
[WhiteElo "2800"]
[BlackElo "2519"]
[TimeControl "180+2"]
[EndTime "10:12:45 PST"]
[Termination "Game drawn by 50-move rule"]

1. e4 e5 2. Nf3 Nc6 3. Bc4 Nf6 4.
d3 h6 5. c3 d6 6. Nbd2 g5 7.
Nf1 Bg7 8. Ne3 O-O 9. h3 Ne7 10. Bb3 c6 11. Nh2 Ng6 12. Nhg4 d5 13. Nxf6+ Qxf6 14.
exd5 Nf4 15. O-O a5 16. a4 h5 17. Qf3 Nxh3+ 18. Kh2 Nf4 19. g3 Nxd3 20. Qxh5 Qh6 21. Qxh6 Bxh6 22. Bc2 Nxc1 23. Raxc1 cxd5 24. Nxd5 f5 25.
Rcd1 f4 26. Ne7+ Kg7 27. Rd6 Rf6 28. Rd8 Rf8 29. Rd6 Rf6 30. Rfd1 Be6 31. gxf4 exf4 32. Re1 Ra6 33. Rxa6 bxa6 34. Nc6 Bf7 35. Nd4 g4 36. Nf5+ Kg8 37. Re5 Bf8 38. Rxa5 Rb6 39. Nd4 Rxb2 40. Rg5+ Bg7 41. Kg1 g3 42. fxg3 fxg3 43. Rxg3 Ra2 44. Bd3 Ra1+ 45. Kf2 Kf8 46. Rg4 Ra3 47. Bxa6 Rxc3 48.
Nf5 Bf6 49. Nd6 Rc2+ 50. Ke3 Rc3+ 51. Kd2 Bb3 52. Ne4 Rc2+ 53. Kd3 Bg7 54. Bb5 Ra2 55.
Nd2 Bc2+ 56. Ke2 Bxa4 57. Rxa4 Rxa4 58. Bxa4 Ke7 59. Nf3 Bh6 60. Kd3 Bf4 61. Bb3 Bd6 62.
Ke4 Kf6 63. Nd4 Be5 64. Nf5 Ba1 65. Bd5 Bb2 66. Bc4 Ba1 67. Ne3 Bb2 68. Nd5+ Ke6 69.
Kd3 Ba1 70. Ke4 Bb2 71. Ba2 Ba1 72. Nf4+ Kf6 73. Nd3 Bc3 74. Kf4 Bd2+ 75. Kf3 Bc3 76. Nf2 Ba1 77. Kf4 Bb2 78. Ne4+ Ke7 79. Kf5 Bd4 80.
Nd2 Bc3 81. Nc4 Ba1 82. Ne3 Bd4 83. Nd5+ Kd6 84. Ke4 Ba1 85. Ne3 Bh8 86. Nc2 Bc3 87. Bg8 Bb2 88. Nb4 Bh8 89. Nd3 Ke7 90. Kd5 Ba1 91. Nf4 Kf6 92. Be6 Bb2 93. Nd3 Ba1 94.
Nf2 Ke7 95. Ne4 Bb2 96. Bf5 Ba3 97. Nd2 Bb2 98. Nc4 Ba1 99. Ke4 Kf6 100. Bd7 Bc3 101. Ba4 Ba1 102. Ne3 Bb2 103. Bb3 Ke7 104. Kd3 Ba1 105. Kc2 Bh8 106. Ng4 Bg7 107. Bg8 Bf6 108. Nh6 1/2-1/2

[Event "*** Titled Tuesday Blitz"]
[Site "Chess.com"]
[Date "2020.02.04"]
[Round "6"]
[White "Carnivoras"]
[Black "Nathan_Filgueiras"]
[Result "1-0"]
[WhiteElo "2549"]
[BlackElo "2290"]
[TimeControl "180+2"]
[EndTime "10:16:36 PST"]
[Termination "Carnivoras won by resignation"]

1. d4 Nf6 2. Nf3 e6 3. Bg5 Be7 4. Nbd2 d5 5. e3 O-O 6. c4 b6 7.
Bd3 Bb7 8. O-O h6 9. Bxf6 Bxf6 10. Rc1 Nd7 11. cxd5 exd5 12. b4 g6 13. Qa4 a6 14.
Rc2 b5 15. Qb3 Nb6 16. Qb1 Kg7 17. Nb3 Nc4 18. Nc5 Bc6 19. Rd1 Be7 20. Rc3 f5 21. Bxc4 dxc4 22. Ne6+ 1-0

[Event "*** Titled Tuesday Blitz"]
[Site "Chess.com"]
[Date "2020.02.04"]
[Round "6"]
[White "GHANDEEVAM2003"]
[Black "Tjktiger"]
[Result "0-1"]
[WhiteElo "2927"]
[BlackElo "2774"]
[TimeControl "180+2"]
[EndTime "10:16:44 PST"]
[Termination "Tjktiger won by resignation"]

1. d4 Nf6 2. c4 g6 3. Nc3 d5 4. cxd5 Nxd5 5. Nf3 Bg7 6. h4 c5 7. h5 cxd4 8. h6 Bf6 9. Ne4 Nc6 10. b4 Ncxb4 11. Bb2 Qa5 12. Nfd2 Nc3 13. Nxf6+ exf6 14. Qb3 Be6 0-1

[Event "*** Titled Tuesday Blitz"]
[Site "Chess.com"]
[Date "2020.02.04"]
[Round "6"]
[White "Aygehovit1992"]
[Black "KhazarBabazada"]
[Result "1-0"]
[WhiteElo "2657"]
[BlackElo "2906"]
[TimeControl "180+2"]
[EndTime "10:17:02 PST"]
[Termination "Aygehovit1992 won by resignation"]

1. e4 c5 2. Nc3 d6 3. f4 g6 4. Bb5+ Bd7 5. Bxd7+ Nxd7 6. Nf3 Bg7 7. O-O e6 8. f5 Ngf6 9. fxe6 fxe6 10. Ng5 Qe7 11. Nb5 O-O-O 12. Nxa7+ Kb8 13. Nb5 Rhf8 14. d3 h6 15. Nf3 g5 16. Qe1 Ng4 17. Qa5 Bd4+ 18. Nfxd4 Rxf1+ 19. Kxf1 1-0

[Event "*** Titled Tuesday Blitz"]
[Site "Chess.com"]
[Date "2020.02.04"]
[Round "6"]
[White "Hanging_pointer"]
[Black "HarryCun"]
[Result "1-0"]
[WhiteElo "2403"]
[BlackElo "2120"]
[TimeControl "180+2"]
[EndTime "10:17:17 PST"]
[Termination "Hanging_pointer won by resignation"]

1. d4 c6 2. c4 d5 3. cxd5 cxd5 4. Nc3 Nc6 5. Bf4 Nf6 6. e3 Bf5 7. Qb3 Qd7 8. Nf3 e6 9. Ne5 Qc8 10. Bb5 Be7 11. Qa4 O-O 12. Nxc6 bxc6 13. Bxc6 Rb8 14. Bxb8 Qxb8 15. Qb5 Qc7 16. Qb7 Qd6 17. O-O Rb8 18.
Qxa7 Rxb2 19. Bb5 Qb4 20. a4 Qxc3 21. Qxe7 h6 22. Qd8+ Kh7 23. Qf8 Ng4 24. Rac1 Qa3 25.
Qxa3 1-0

[Event "*** Titled Tuesday Blitz"]
[Site "Chess.com"]
[Date "2020.02.04"]
[Round "6"]
[White "VladDobrov"]
[Black "GianmarcoVaR"]
[Result "1-0"]
[WhiteElo "2916"]
[BlackElo "2631"]
[TimeControl "180+2"]
[EndTime "10:17:27 PST"]
[Termination "VladDobrov won by resignation"]

1. e4 c5 2. a3 Nf6 3. e5 Nd5 4. b4 d6 5. c4 Nc7 6. exd6 exd6 7. Bb2 Nc6 8. Nf3 Bg4 9. Be2 Qd7 10. O-O O-O-O 11.
Nc3 Ne6 12. Nd5 Be7 13. b5 Bxf3 14. bxc6 bxc6 15. Nxe7+ Qxe7 16. Bxf3 Qb7 17. Qa4 Kd7 18.
Rab1 Rb8 19. Bxg7 Qxb1 20. Bxh8 Qd3 21. Bxc6+ Kd8 22. Bf6+ Kc7 23. Qxa7+ Kxc6 24. Qxb8 Nf4 25. Qc8+ Kb6 26. Bd8+ Ka7 27. Qc7+ Ka8 28. Qc6+ Kb8 29. Bc7+ Ka7 30. Qb6+ 1-0

[Event "*** Titled Tuesday Blitz"]
[Site "Chess.com"]
[Date "2020.02.04"]
[Round "6"]
[White "SHIVACalypso"]
[Black "cancrushyou"]
[Result "0-1"]
[WhiteElo "2212"]
[BlackElo "2484"]
[TimeControl "180+2"]
[EndTime "10:17:31 PST"]
[Termination "cancrushyou won by resignation"]

1. Nf3 d5 2. c4 e6 3. g3 Nf6 4. Bg2 dxc4 5. Qa4+ Nbd7 6. Qxc4 a6 7. O-O b5 8. Qc2 Bb7 9. d4 c5 10. Rd1 Rc8 11. Qb3 cxd4 12. Nxd4 Bxg2 13. Kxg2 Bc5 14.
Nf3 O-O 15. Nc3 Qb6 16. e3 Qb7 17. e4 Ng4 18. Nd4 Qb6 19. Nce2 Nxf2 20. Kxf2 e5 21. Be3 exd4 22. Nxd4 Nf6 23. e5 Ng4+ 24. Kg2 Nxe3+ 25. Qxe3 Rcd8 0-1

[Event "*** Titled Tuesday Blitz"]
[Site "Chess.com"]
[Date "2020.02.04"]
[Round "6"]
[White "masrahi"]
[Black "hypert"]
[Result "0-1"]
[WhiteElo "2119"]
[BlackElo "2460"]
[TimeControl "180+2"]
[EndTime "10:17:35 PST"]
[Termination "hypert won by resignation"]

1. e4 c5 2. Nf3 Nc6 3. d4 cxd4 4. Nxd4 Nf6 5. Nc3 d6 6. h3 e5 7. Nf3 h6 8. Be3 Be6 9. Be2 d5 10. exd5 Nxd5 11. Nxd5 Qxd5 12. O-O Be7 13. c3 Qxd1 14. Rfxd1 a6 15. b3 Rd8 16. Rxd8+ Kxd8 17. Rd1+ Kc7 18. c4 f5 19. g3 g5 20. Kg2 f4 21. gxf4 gxf4 22.
Bc1 Rg8+ 23. Kh2 Bc5 24. Bb2 e4 25. Ne5 f3 26. Bf1 Bd6 27. Rxd6 Kxd6 28. a3 Nxe5 29. c5+ Kd5 30. b4 Nd3 31. Bc3 0-1

[Event "*** Titled Tuesday Blitz"]
[Site "Chess.com"]
[Date "2020.02.04"]
[Round "6"]
[White "rasmussvane"]
[Black "Kimster98"]
[Result "1-0"]
[WhiteElo "2849"]
[BlackElo "2700"]
[TimeControl "180+2"]
[EndTime "10:17:46 PST"]
[Termination "rasmussvane won by resignation"]

1. Nf3 d5 2. g3 Nf6 3. Bg2 c5 4.
O-O Nc6 5. d4 cxd4 6. Nxd4 e5 7.
Nxc6 bxc6 8. c4 Be6 9. Nc3 Rc8 10. Qa4 Qd7 11. cxd5 cxd5 12. Qxd7+ Kxd7 13. Rd1 Bc5 14. Na4 Be7 15. Bg5 Ng8 16. Be3 d4 17. Bd2 Nf6 18. e3 Nd5 19. exd4 exd4 20. Bc3 dxc3 21. Nxc3 Bf6 22.
Nxd5 Bxd5 23. Rxd5+ Ke7 24. Re1+ Kf8 25. Rd7 a5 26.
Bd5 1-0

[Event "*** Titled Tuesday Blitz"]
[Site "Chess.com"]
[Date "2020.02.04"]
[Round "6"]
[White "bazar-wokzal"]
[Black "Zarikovs1999"]
[Result "1-0"]
[WhiteElo "2544"]
[BlackElo "2349"]
[TimeControl "180+2"]
[EndTime "10:17:47 PST"]
[Termination "bazar-wokzal won by resignation"]

1. e4 c5 2. c3 Qa5 3. Nf3 g6 4. Bc4 Bg7 5. O-O d6 6. d4 cxd4 7. cxd4 Nf6 8. e5 dxe5 9. dxe5 Ng4 10. e6 fxe6 11. Ng5 O-O 12. Qxg4 Kh8 13. Qh3 h5 14.
Bxe6 Rxf2 15. Kxf2 Bd4+ 16. Be3 Bxb2 17. Bxc8 Bxa1 18. Bxb7 1-0

[Event "*** Titled Tuesday Blitz"]
[Site "Chess.com"]
[Date "2020.02.04"]
[Round "6"]
[White "MikeSailer"]
[Black "AleksanderHnydiuk"]
[Result "0-1"]
[WhiteElo "2103"]
[BlackElo "2531"]
[TimeControl "180+2"]
[EndTime "10:17:48 PST"]
[Termination "AleksanderHnydiuk won by resignation"]

1. Nf3 c5 2. b3 d5 3. Bb2 f6 4. e3 e5 5. Bb5+ Bd7 6. Bxd7+ Qxd7 7. d3 Bd6 8. Nbd2 Ne7 9. e4 Nbc6 10. exd5 Nxd5 11. Ne4 O-O 12. Nxd6 Qxd6 13. Nd2 Nd4 14. Ne4 Qc6 15. O-O Nf4 16. Bc1 Nde2+ 17. Kh1 Nxc1 18.
Rxc1 f5 19. g3 Ne6 0-1

[Event "*** Titled Tuesday Blitz"]
[Site "Chess.com"]
[Date "2020.02.04"]
[Round "6"]
[White "LastGladiator1"]
[Black "crescentmoon2411"]
[Result "1/2-1/2"]
[WhiteElo "2851"]
[BlackElo "3024"]
[TimeControl "180+2"]
[EndTime "10:18:11 PST"]
[Termination "Game drawn by agreement"]

1. d4 Nf6 2. Nf3 e6 3. c4 d5 4. Nc3 Be7 5. Bg5 h6 6. Bh4 O-O 7. e3 Nbd7 8. cxd5 Nxd5 9. Bxe7 Nxe7 10. Bd3 c5 11. O-O cxd4 12. exd4 Nf6 13. Ne5 Bd7 14. Qf3 Bc6 15. Nxc6 Nxc6 16. Rad1 Qb6 17. d5 Ne5 18. Qe2 Nxd3 19. Rxd3 exd5 20. Nxd5 Nxd5 21. Rxd5 Rad8 22. Rfd1 Rxd5 23. Rxd5 Rd8 24. Rxd8+ Qxd8 1/2-1/2

[Event "*** Titled Tuesday Blitz"]
[Site "Chess.com"]
[Date "2020.02.04"]
[Round "6"]
[White "SantoBlue"]
[Black "Andrei_Belozerov"]
[Result "0-1"]
[WhiteElo "2825"]
[BlackElo "2631"]
[TimeControl "180+2"]
[EndTime "10:18:33 PST"]
[Termination "Andrei_Belozerov won by resignation"]

1. d4 d5 2. c4 c6 3. Nf3 Nf6 4. e3 Bg4 5. Nc3 e6 6. Qc2 Nbd7 7. Be2 Bd6 8. e4 dxe4 9. Nxe4 Nxe4 10. Qxe4 Nf6 11.
Qc2 Qc7 12. Be3 O-O 13. h3 Bf5 14. Qb3 b5 15. O-O bxc4 16. Qxc4 Nd5 17. Rac1 Rfc8 18.
Bd3 Bg6 19. Bxg6 hxg6 20. Rfd1 Rab8 21. Qe2 Qa5 22. a3 Rb3 23. Rc2 Rcb8 24. Rdc1 Nf4 25. Bxf4 Bxf4 26. Rd1 Qd5 27. Rc5 Rxb2 28. Qa6 Qb3 29.
Rf1 Rb1 30. Rxc6 Rxf1+ 31. Qxf1 Qxa3 32. Qc4 Rb1+ 0-1